 Dungeon Crawl Stone Soup version 0.29-a0-1033-gb6c65ffae6 (webtiles) character file.

Game seed: 13379463050082360548

5361 ragingrage the Impaler (level 10, -11/111 HPs)
             Began as a Merfolk Wanderer on Aug 14, 2022.
             Was a Priest of Okawaru.
             Mangled by an orc knight
             ... wielding a +0 war axe
              (15 damage)
             ... in a bailey.
             The game lasted 00:09:26 (7589 turns).

ragingrage the Impaler (Merfolk Wanderer)           Turns: 7589, Time: 00:09:26

Health: -11/111    AC:  6    Str: 19    XL:     10   Next: 65%
Magic:  10/10      EV: 21    Int:  9    God:    Okawaru [***...]
Gold:   308        SH:  0    Dex: 14    Spells: 9/9 levels left

rFire   . . .      SeeInvis .   b - +4 scythe (venom)
rCold   . . .      Faith    .   (shield currently unavailable)
rNeg    . . .      Spirit   .   d - +0 leather armour
rPois   .          Reflect  .   (no helmet)
rElec   .          Harm     .   (no cloak)
rCorr   .          Rampage  .   B - +0 pair of gloves
Will    .....                   n - +1 pair of boots
Stlth   ..........              v - amulet of the acrobat
HPRegen 0.28/turn               k - +4 ring of evasion
MPRegen 0.12/turn               p - +4 ring of evasion

@: berserking, very quick
A: (nimble swimmer 2), mertail
a: Renounce Religion, Heroism


You were in a bailey.
You worshipped Okawaru.
Okawaru was most pleased with you.
You visited 2 branches of the dungeon, and saw 9 of its levels.
You also visited: Bailey.

You collected 308 gold pieces.

Inventory:

Hand Weapons
 a - a +4 sling
 b - a +4 scythe of venom (weapon)
 r - a +1 trident of protection
Missiles
 j - 15 javelins
 l - 18 poisoned darts (quivered)
Armour
 d - a +0 leather armour (worn)
 n - a +1 pair of boots (worn)
 B - a +0 pair of gloves (worn)
Jewellery
 k - a +4 ring of evasion (left hand)
 p - a +4 ring of evasion (right hand)
 s - a ring of protection from fire
 v - an amulet of the acrobat (around neck)
 C - a +4 ring of slaying
Wands
 t - a wand of iceblast (2)
 D - a wand of flame (35)
Scrolls
 c - 3 scrolls of summoning
 f - 2 scrolls of brand weapon
 g - a scroll of enchant armour
 h - a scroll of amnesia
 m - 2 scrolls of enchant weapon
 u - 2 scrolls of teleportation
 x - a scroll of fog
 y - 4 scrolls of identify
Potions
 e - 2 potions of flight
 i - 4 potions of degeneration
 o - 3 potions of curing
 w - 2 potions of magic {unknown}
 z - 2 potions of attraction {unknown}
 A - a potion of heal wounds {unknown}
 F - a potion of brilliance
 H - a potion of might {unknown}
 I - a potion of mutation {unknown}


   Skills:
 - Level 5.1 Fighting
 - Level 16.0 Polearms
 + Level 6.7 Ranged Weapons
 - Level 1.0 Armour
 - Level 4.8 Dodging
 - Level 2.1 Unarmed Combat


You had 9 spell levels left.
You didn't know any spells.
Your spell library contained the following spells:

 Spells                   Type           Power      Damage    Failure   Level
 Poisonous Vapours        Pois/Air       0%         N/A       58%         2
 Gell's Gravitas          Tloc           0%         N/A       82%         3
 Stone Arrow              Conj/Erth      0%         3d7       82%         3
 Teleport Other           Tloc           0%         N/A       82%         3
 Corpse Rot               Necr/Pois/Air  0%         N/A       99%         4
 Dispersal                Tloc           0%         N/A       100%        6
 Lehudib's Crystal Spear  Conj/Erth      0%         10d2      100%        8
 Animate Armour           Summ/Erth      Unusable   N/A       N/A         4

Dungeon Overview and Level Annotations

Branches:
Dungeon (8/15)             Temple (1/1) D:4            Lair (0/5) D:8
 Bailey (1/1)

Altars:
Ashenzari
Cheibriados
Elyvilon
Fedhas
Hepliaklqana
Kikubaaqudgha
Makhleb
Nemelex Xobeh
Okawaru
Qazlal
Ru
Sif Muna
Trog
Uskayaw
Vehumet
Wu Jian
Xom
Yredelemnul
Zin
The Shining One

Annotations:
D:7 Joseph
Temple 2 transporters


Innate Abilities, Weirdness & Mutations

((You are very nimble when in or above water. (Stealth+, EV+, Speed+++)))
Your lower body shifts to a powerful aquatic tail in water.


Message History

The orc warlord looks as sick as possible!
The orc warlord is almost dead.
You impale the orc warlord!!
You kill the orc warlord!
Okawaru is honoured by your kill.
Okawaru will now gift you ammunition as you gain piety.
Training target 16.0 for Polearms reached!
Your Polearms skill increases to level 16!
Your Ranged Weapons skill increases to level 6!
You slash the orc knight!
The orc knight looks as sick as possible!
The orc knight is lightly wounded.
You slash the orc knight!
The orc knight looks as sick as possible!
The orc knight is moderately wounded.
The orc knight misses you. The orc warrior barely misses you.
You hit the orc knight but do no damage.
The orc knight is moderately wounded.
The orc warrior no longer looks unusually strong.
You barely miss the orc knight.
The orc knight is moderately wounded.
You slash the orc knight!
The orc knight is heavily wounded.
The orc knight roars a battlecry!
The orc warrior goes into a battle-frenzy!
The orc warrior barely misses you.
You slash the orc knight!
The orc knight looks as sick as possible!
The orc knight is severely wounded.
You slash the orc knight!
The orc knight looks as sick as possible!
The orc knight is almost dead.
The orc knight hits you with a +0 war axe!!!
* * * LOW HITPOINT WARNING * * *
The orc warrior barely misses you.
You barely miss the orc warrior. You puncture the orc warrior!
The orc warrior is moderately wounded.
The orc knight hits you with a +0 war axe!
You die...

.....#.....(...#..))...#
.....##.).....##..)....##
......# ..)(. #.........#
......###.)o ##.........##
.⌠.....###o###.....⌠.....#
......##88(88##.........##
......#....(..#.........#
.....##.......##o......##
.....).........o@......#
....##.........##.....##
#####.....⌠.....#######
##.........## #.........#
##.......## #.......#
##..∩..## #######


You could see an orc knight (strong, extremely poisoned) and an orc warrior
(strong).

Vanquished Creatures
  An orc warlord (Bailey)
  Prince Ribbit (D:6)
  Sigmund (D:3)
  Eustachio (D:6)
  3 water moccasins
  An acid dragon (D:8)
  11 orc warriors (Bailey)
  2 black bears
  2 ice beasts
  A sky beast (D:8)
  2 ogres
  A kobold brigand (D:6)
  A bullfrog (D:6)
  2 necrophages (D:5)
  2 scorpions (D:6)
  5 wights (D:8)
  9 killer bees (D:8)
  An electric eel (D:7)
  A howler monkey (D:7)
  A jelly (D:6)
  A gnoll bouda (D:5)
  2 orc priests
  4 hounds
  An iguana (D:4)
  10 orc wizards
  8 gnolls
  11 adders
  An ufetubus (D:5)
  5 worms (D:2)
  4 dart slugs
  30 orcs
  7 bats
  9 endoplasms
  3 giant cockroaches
  17 goblins
  12 hobgoblins
  6 jackals
  14 kobolds
  3 quokkas
  8 ball pythons
  9 frilled lizards
  6 rats
220 creatures vanquished.

Vanquished Creatures (others)
  An orc wizard (D:4)
  A plant (D:8)
2 creatures vanquished.

Grand Total: 222 creatures vanquished

Notes
Turn   | Place    | Note
-------+----------+-------------------------------------------
     0 | D:1      | ragingrage the Merfolk Wanderer began the quest for the
                  | Orb.
     0 | D:1      | ragingrage set off with the following items: a +3 sling, a
                  | potion of curing, a scroll of summoning, a +0 leather
                  | armour.
     0 | D:1      | Reached XP level 1. HP: 18/18 MP: 1/1
    82 | D:1      | Reached XP level 2. HP: 18/24 MP: 2/2
   277 | D:1      | Reached XP level 3. HP: 26/30 MP: 3/3
   822 | D:2      | Reached XP level 4. HP: 37/37 MP: 4/4
  1527 | D:3      | Noticed Sigmund
  1830 | D:3      | Reached XP level 5. HP: 43/43 MP: 5/5
  2048 | D:4      | Noticed an ogre
  2055 | D:4      | Killed an ogre
  2298 | D:4      | Reached skill level 5 in Fighting
  2301 | D:4      | Reached XP level 6. HP: 51/51 MP: 6/6
  2406 | D:4      | Reached skill level 1 in Polearms
  2563 | D:4      | Reached skill level 2 in Polearms
  2576 | D:4      | Reached skill level 3 in Polearms
  2612 | D:4      | Reached skill level 4 in Polearms
  2888 | D:4      | Reached XP level 7. HP: 51/56 MP: 7/7
  2977 | D:4      | Found a staircase to the Ecumenical Temple.
  3024 | D:4      | Reached skill level 5 in Polearms
  3391 | D:3      | Killed Sigmund
  3392 | D:3      | Reached skill level 7 in Polearms
  3903 | D:5      | Entered Level 5 of the Dungeon
  3948 | D:5      | Reached skill level 8 in Polearms
  4110 | D:5      | Reached XP level 8. HP: 58/62 MP: 8/8
  4227 | D:5      | Reached skill level 9 in Polearms
  4669 | D:5      | Reached skill level 10 in Polearms
  4899 | D:6      | Noticed Eustachio
  4910 | D:6      | Killed Eustachio
  4911 | D:6      | Reached skill level 11 in Polearms
  5130 | D:6      | Reached skill level 12 in Polearms
  5130 | D:6      | Reached XP level 9. HP: 61/68 MP: 9/9
  5409 | D:6      | Found a shimmering blue altar of Sif Muna.
  5409 | D:6      | Found a white marble altar of Elyvilon.
  5636 | Temple   | Entered the Ecumenical Temple
  5636 | Temple   | Found a transporter.
  5636 | Temple   | Found a transporter.
  5638 | Temple   | Found a transporter.
  5638 | Temple   | Found a transporter.
  5658 | Temple   | Became a worshipper of Warmaster Okawaru
  5869 | D:6      | Noticed Prince Ribbit
  5889 | D:6      | Killed Prince Ribbit
  5890 | D:6      | Reached skill level 13 in Polearms
  6640 | D:7      | Noticed Joseph
  6830 | D:8      | Found a staircase to the Lair.
  6853 | D:8      | Reached skill level 14 in Polearms
  6863 | D:8      | Reached * piety under Okawaru
  6912 | D:8      | Reached skill level 5 in Ranged Weapons
  6975 | D:8      | Found a blossoming altar of Fedhas.
  6976 | D:8      | Found an ancient bone altar of Kikubaaqudgha.
  6981 | D:8      | Reached XP level 10. HP: 66/74 MP: 10/10
  7041 | D:8      | Found a flagged portal.
  7060 | Bailey   | Entered a bailey
  7081 | Bailey   | Reached skill level 15 in Polearms
  7158 | Bailey   | Reached ** piety under Okawaru
  7557 | Bailey   | Noticed an orc warlord
  7559 | Bailey   | Noticed an orc knight
  7567 | Bailey   | Identified a scroll of acquirement
  7567 | Bailey   | Acquired a manual of Dodging
  7580 | Bailey   | Killed an orc warlord
  7580 | Bailey   | Reached *** piety under Okawaru
  7581 | Bailey   | Reached skill level 16 in Polearms
  7587 | Bailey   | HP: 3/111 [orc knight/+0 war axe (46)]
  7589 | Bailey   | Mangled by an orc knight

Illustrated notes

Levels and vault maps discovered:
D:1:      ebering_trefoil_3fold, layout_basic
D:2:      layout_loops_ring
D:3:      layout_loops_cross, uniq_sigmund
D:4:      layout_loops_cross, minmay_temple_entry_poolview,
          minmay_a_box_with_orc_wizards_in_it
D:5:      layout_basic
D:6:      layout_basic, gammafunk_temple_overflow_elements, uniq_eustachio,
          uniq_prince_ribbit1
D:7:      layout_cave_pools, minivault_4, hangedman_decor_slide_cut, uniq_joseph
D:8:      minmay_spotlight, layout_loops_ring,
          grunt_temple_overflow_growth_and_decay, grunt_dithmenos_shadows,
          lair_entry_dummy, enter_bailey_2, serial_co_window_serial,
          co_window_corner_a, co_window_paths_a, co_window_corner_a,
          co_window_corner_a, co_window_corner_a, co_window_paths_b,
          co_window_paths_a, co_window_paths_c, co_window_corner_cb,
          co_window_2corner, co_window_broadway_c, co_window_corner_b,
          co_window_paths_c, co_window_4corner_b, co_window_paths_d,
          glass_columns_a, glass_columns_c, hex_tiny, uniq_grum
Temple:   hellmonk_temple_divided_pantheon
Bailey:   bailey_axe_minmay_hex_keep, bailey

Skill      XL: |  1  2  3  4  5  6  7  8  9 10 |
---------------+-------------------------------+-----
Dodging        | 2 3 4 |  4.8
Fighting       | 4 5 |  5.1
Ranged Weapons | 3 5 6 |  6.7
Polearms       | 4 8 12 14 16 | 16.0
Armour         | |  1.0
Unarmed Combat | |  2.1

Action                   |  1- 3 |  4- 6 |  7- 9 | 10-12 || total
-------------------------+-------+-------+-------+-------++-------
Melee: Unarmed           |       |     2 |       |       ||     2
       Trident           |       |    27 |    17 |       ||    44
       Halberd           |       |       |   234 |   134 ||   368
 Fire: Sling             |   112 |   165 |    39 |       ||   316
Throw: Dart              |       |       |     1 |     5 ||     6
Invok: Heroism           |       |       |       |     2 ||     2
Evoke: Wand              |       |       |     2 |     3 ||     5
  Use: Scroll            |       |     4 |     6 |     2 ||    12
       Potion            |       |     6 |       |     1 ||     7
 Stab: Sleeping          |       |       |     2 |       ||     2
       Distracted        |       |       |     1 |       ||     1
Armor: Leather armour    |    11 |    37 |    30 |     5 ||    83
Dodge: Dodged            |    26 |    73 |   159 |    66 ||   324

Table legend: (Time is in decaauts)
 A = Elapsed time spent in this place.
 B = Non-inter-level travel time spent in this place.
 C = Inter-level travel time spent in this place.
 D = Time resting spent in this place.
 E = Time spent auto-exploring this place.
 F = Levels seen in this place.
 G = Mean time per level.
                   A        B        C        D        E       F      G
               +--------+--------+--------+--------+--------+-----+--------+
         Total |   7597 |   7128 |    469 |    885 |   4703 |  10 |  759.7 |
       Dungeon |   7066 |   6610 |    456 |    881 |   4347 |   8 |  883.2 |
        Temple |     37 |     24 |     13 |      0 |      5 |   1 |   37.0 |
        Bailey |    493 |    493 |      0 |      3 |    351 |   1 |  493.0 |
               +--------+--------+--------+--------+--------+-----+--------+

Top non-repeatable levels by time:
     D:6: 1333 daAuts
     D:4: 1319 daAuts
     D:2: 1112 daAuts
     D:5: 1071 daAuts
     D:3: 1001 daAuts
     D:1: 565 daAuts
  Bailey: 493 daAuts
     D:8: 394 daAuts
     D:7: 268 daAuts
  Temple: 37 daAuts
